 Dungeon Crawl Stone Soup version 0.27-a0-1287-gca74d27db6 (webtiles) character file.

Game seed: 14213462221927944951

95 freelancePsychic the Sneak (level 4, -6/35 HPs)
             Began as a Demonspawn Brigand on June 15, 2021.
             Killed by nerve-wracking pain
             ... invoked by Grinder
              (13 damage)
             ... while paralysed by Grinder
             ... on level 3 of the Dungeon.
             The game lasted 00:05:20 (2838 turns).

freelancePsychic the Sneak (Demonspawn Brigand)     Turns: 2838, Time: 00:05:20

Health: -6/35      AC: 13    Str: 11    XL:     4   Next: 40%
Magic:  4/4        EV:  2    Int: 13    God:
Gold:   146        SH:  0    Dex: 15    Spells: 3/3 levels left

rFire    . . .     SeeInvis .   n - +1 whip (elec)
rCold    . . .     Faith    .   (no shield)
rNeg     . . .     Spirit   .   h - +0 ring mail
rPois    .         Reflect  .   s - +0 helmet
rElec    .         Harm     .   c - +0 cloak
rCorr    .         Rampage  .   (no gloves)
Will     .....                  (no boots)
Stlth    ++........             (no amulet)
HPRegen  0.11/turn              (no ring)
MPRegen  0.09/turn              (no ring)

@: paralysed, sanguine armoured
A: hooves 1, sanguine armour 1
a: no special abilities


You were on level 3 of the Dungeon.
You visited 1 branch of the dungeon, and saw 3 of its levels.

You collected 146 gold pieces.

Inventory:

Hand Weapons
 a - a +0 dagger of venom
 b - a +0 hunting sling
 f - a +0 spear
 n - a +1 whip of electrocution (weapon)
Missiles
 d - 2 poisoned darts
 e - 2 curare-tipped darts
 i - a javelin (quivered)
 p - 17 sling bullets
 t - 5 atropa-tipped darts
Armour
 c - a +0 cloak (worn)
 h - a +0 ring mail (worn)
 m - a +0 robe
 s - a +0 helmet (worn)
Scrolls
 j - 2 scrolls of identify {unknown}
 l - a scroll of fog {unknown}
 o - a scroll of holy word {unknown}
 r - 3 scrolls of noise {unknown}
 u - a scroll of vulnerability {unknown}
Potions
 g - a potion of flight {unknown}
 k - 2 potions of heal wounds {unknown}
 q - a potion of lignification {unknown}


   Skills:
 + Level 3.5 Fighting
 - Level 1.7 Short Blades
 + Level 3.2 Throwing
 - Level 1.0 Dodging
 - Level 3.6 Stealth


You had 3 spell levels left.
You didn't know any spells.
Your spell library was empty.

Dungeon Overview and Level Annotations

Branches:
Dungeon (3/15)

Altars:

Annotations:
D:3 Grinder


Innate Abilities, Weirdness & Mutations

You have large cloven feet.
When seriously injured, your bleeding wounds create armour. (AC +6)


Message History

Aim: Grinder (lightly wounded, 57% to hit)
You throw a javelin. The javelin closely misses Grinder.
Grinder hits you but does no damage. Grinder closely misses you.
Throw: 3 javelins
Press: ? - help, Q - select action, (/) - cycle Shift-Dir - straight line, f/p - Grinder
Aim: Grinder (lightly wounded, 57% to hit)
You throw a javelin. The javelin pierces through Grinder!
Grinder is moderately wounded.
Grinder closely misses you.
Throw: 2 javelins
Press: ? - help, Q - select action, (/) - cycle Shift-Dir - straight line, f/p - Grinder
Aim: Grinder (moderately wounded, 57% to hit)
You throw a javelin. The javelin closely misses Grinder.
Grinder says, "DUCK!"
Grinder barely misses you.
Your +0 dagger of venom stops dripping with poison.
You hear the crackle of electricity.
n - a +1 whip of electrocution (weapon)
Grinder gestures at you. Pain shoots through your body!
You hit Grinder. You kick Grinder, but do no damage.
Grinder is heavily wounded.
Grinder hits you!
Your blood congeals into armour.
You writhe in agony.
You closely miss Grinder. You kick Grinder.
Grinder is heavily wounded.
Grinder closely misses you.
You closely miss Grinder. You kick Grinder.
Grinder is heavily wounded.
Grinder barely misses you.
You hit Grinder but do no damage.
Grinder is heavily wounded.
Grinder gestures at you.
You suddenly lose the ability to move!
Grinder says, "Tell me all your secrets, or I'll kill you."
Grinder hits you.
You writhe in agony.
* * * LOW HITPOINT WARNING * * *
Grinder hits you but does no damage. Grinder gestures at you.
Pain shoots through your body!
You die...

..# ## .># ##.# ...#
#..# ....#
###..##....#
#.#........#
#.#.#(.....#
#.#.@5....(#
##.#.....#.##
#†...#...# . ######
##..........# ..
..<..###.....##...!#
#.# #.##...)....#
..#...
...##....#.....##
..#.##
.............#.# #(#
# ......##.....#.#


You could see Grinder.

Vanquished Creatures
  3 adders (D:2)
  A worm (D:3)
  A dart slug (D:1)
  An orc (D:3)
  5 bats
  5 endoplasms
  3 giant cockroaches (D:3)
  3 goblins
  8 hobgoblins
  7 jackals
  4 quokkas
  4 ball pythons
  A frilled lizard (D:2)
  4 kobolds
  6 rats
56 creatures vanquished.

Vanquished Creatures (others)
  A plant (D:2)
1 creature vanquished.

Grand Total: 57 creatures vanquished

Notes
Turn   | Place    | Note
-------+----------+-------------------------------------------
     0 | D:1      | freelancePsychic the Demonspawn Brigand began the quest for
                  | the Orb.
     0 | D:1      | Reached XP level 1. HP: 16/16 MP: 1/1
    71 | D:1      | Reached skill level 1 in Dodging
   513 | D:1      | Gained mutation: When seriously injured, your bleeding
                  | wounds create armour. (AC +6) [demonic ancestry]
   513 | D:1      | Reached XP level 2. HP: 19/23 MP: 2/2
  1075 | D:2      | Reached XP level 3. HP: 28/28 MP: 3/3
  1621 | D:2      | Found a faded altar of an unknown god.
  2325 | D:3      | Gained mutation: You have large cloven feet. [demonic
                  | ancestry]
  2325 | D:3      | Reached XP level 4. HP: 28/35 MP: 4/4
  2790 | D:3      | Noticed Grinder
  2820 | D:3      | Paralysed by Grinder for 4 turns
  2835 | D:3      | Paralysed by Grinder for 6 turns
  2838 | D:3      | Killed from afar by Grinder

Illustrated notes

Levels and vault maps discovered:
D:1:      lightli_arrival_quake, layout_loops_ring
D:2:      layout_rooms, basic_ecumenical_altar, serial_forest,
          infiniplex_forest_fountain, infiniplex_forest_lined_room_2,
          infiniplex_forest_lined_room_3, infiniplex_forest_straight_5,
          infiniplex_forest_corner_1, infiniplex_forest_lined_room_2
D:3:      layout_rooms, lemuel_crystal_altar, kiku_gazebo_pond_becter,
          serial_corexii_hall, corexii_hall_statues_i,
          corexii_hall_statues_deadend, chequers_serial_rivers_small_b,
          minmay_close_crescents, uniq_grinder, uniq_jessica,
          uniq_crazy_yiuf_cottage

Skill      XL: |  1  2  3 |
---------------+----------+-----
Dodging        | 1 |  1.0
Throwing       | 2 3 |  3.2
Fighting       | 3 |  3.5
Short Blades   | |  1.7
Stealth        | |  3.6

Action                   |  1- 3 |  4- 6 || total
-------------------------+-------+-------++-------
Melee: Dagger            |   151 |    56 ||   207
       Kick              |       |    19 ||    19
       Whip              |       |     4 ||     4
Throw: Dart              |    26 |     4 ||    30
       Javelin           |       |     7 ||     7
Armor: Ring mail         |    65 |    27 ||    92
Dodge: Dodged            |    72 |    30 ||   102

Table legend: (Time is in decaauts)
 A = Elapsed time spent in this place.
 B = Non-inter-level travel time spent in this place.
 C = Inter-level travel time spent in this place.
 D = Time resting spent in this place.
 E = Time spent auto-exploring this place.
 F = Levels seen in this place.
 G = Mean time per level.
                   A        B        C        D        E       F      G
               +--------+--------+--------+--------+--------+-----+--------+
         Total |   2818 |   2790 |     28 |      4 |   2246 |   3 |  939.3 |
       Dungeon |   2818 |   2790 |     28 |      4 |   2246 |   3 |  939.3 |
               +--------+--------+--------+--------+--------+-----+--------+

Top non-repeatable levels by time:
     D:2: 1296 daAuts
     D:1: 999 daAuts
     D:3: 522 daAuts
